 Dungeon Crawl Stone Soup version 0.30-a0-354-g6b83867211 (webtiles) character file.

Game seed: 115031322602111533

251 KarmaKiller the Shooter (level 6, -2/54 (56) HPs)
             Began as a Naga Hunter on Nov 4, 2022.
             Slain by a necrophage (5 damage)
             ... on level 4 of the Dungeon on Nov 7, 2022.
             The game lasted 00:25:34 (2891 turns).

KarmaKiller the Shooter (Naga Hunter)               Turns: 2891, Time: 00:25:34

HP:   -2/54 (56)    AC:  8    Str: 18    XL:     6   Next: 13%
MP:   6/6           EV:  2    Int:  9    God:
Gold: 125           SH:  8    Dex: 20    Spells: 5/5 levels left

rFire   + . .      SeeInvis +    v - +9 short sword of a Hundred Quests {drain, rC- Will+ Str+5 Dex+3}
rCold   x x .      Faith    .    y - +0 kite shield
rNeg    . . .      Spirit   .    e - +0 plate armour
rPois   +          Reflect  .    (no helmet)
rElec   .          Harm     .    (no cloak)
rCorr   .          Rampage  .    k - +0 pair of gloves
Will    +....                    (no barding)
Stlth   ..........               (no amulet)
HPRegen 0.29/turn                n - ring of see invisible
MPRegen 0.10/turn                x - ring of fire

@: lightly drained, very slow
A: AC +2, large, see invisible, deformed body, poison resistance, slowness 2,
spit poison 1, naga tail 1
a: Spit Poison


You were on level 4 of the Dungeon.
You visited 1 branch of the dungeon, and saw 4 of its levels.

You collected 125 gold pieces.

Inventory:

Hand Weapons
 a - a +0 shortbow
 j - a +0 short sword
 q - the +4 mace of Noewn {speed, Fragile Str+5 Dex+4}
   (You found it on level 2 of the Dungeon)

   Attacks with this weapon are significantly faster.
   Str:       It affects your strength (+5).
   Dex:       It affects your dexterity (+4).
   Fragile:   It will be destroyed if unequipped.
 u - a +0 falchion
 v - the +9 short sword of a Hundred Quests (weapon) {drain, rC- Will+ Str+5 Dex+3}
   (You found it on level 3 of the Dungeon)

   A truly terrible weapon, it drains the life of any living foe it strikes.
   Str:       It affects your strength (+5).
   Dex:       It affects your dexterity (+3).
   rC:        It makes you vulnerable to cold.
   Will:      It increases your willpower.
Armour
 c - a +0 leather armour
 e - a +0 plate armour (worn)
 f - a +0 ring mail
 k - a +0 pair of gloves (worn)
 t - a +0 chain mail
 y - a +0 kite shield (worn)
 z - a +0 scale mail
 A - a +1 buckler of cold resistance
Jewellery
 n - a ring of see invisible (left hand)
 x - a ring of fire (right hand)
Scrolls
 b - a scroll of immolation
 m - a scroll of acquirement {unknown}
 r - a scroll of magic mapping {unknown}
 w - 2 scrolls of poison
Potions
 d - a potion of resistance {unknown}
 g - 2 potions of haste {unknown}
 h - 2 potions of lignification {unknown}
 i - a potion of might {unknown}
 l - 3 potions of curing {unknown}
 o - a potion of heal wounds {unknown}
 s - a potion of ambrosia {unknown}


   Skills:
 + Level 3.3 Fighting
 + Level 0.4 Short Blades
 + Level 5.5 Ranged Weapons
 + Level 1.6 Armour
 + Level 1.6 Dodging
 + Level 1.6 Stealth
 + Level 0.1 Shields


You had 5 spell levels left.
You didn't know any spells.
Your spell library contained the following spells:

 Spells                   Type           Power      Damage    Failure   Level
 Beastly Appendage        Tmut           0%         N/A       100%        1
 Sandblast                Erth           0%         2d4       100%        1
 Passwall                 Tmut/Erth      0%         N/A       100%        2
 Wereblood                Tmut           0%         N/A       100%        2
 Spider Form              Tmut/Pois      0%         N/A       100%        3
 Stone Arrow              Conj/Erth      0%         3d7       100%        3


Dungeon Overview and Level Annotations

Branches:
Dungeon (4/15)
 Temple: D:4-7

Altars:
Dithmenos
Hepliaklqana
Okawaru
Qazlal
Wu Jian

Annotations:
D:4 Pikel


Innate Abilities, Weirdness & Mutations

Your serpentine skin is tough. (AC +2)
You have supernaturally acute eyesight. (SInv)
Armour fits poorly on your strangely shaped body.
Your system is resistant to poisons. (rPois)
You cover ground very slowly.
You can spit poison.
You have a snake-like lower body.


Message History

* * * LOW HITPOINT WARNING * * *
You puncture the phantom!
The phantom is severely damaged.
The phantom hits you.
* * * LOW HITPOINT WARNING * * *
You hit the phantom.
The phantom is severely damaged.
The phantom hits you but does no damage.
You closely miss the phantom.
The phantom is severely damaged.
The phantom hits you but does no damage.
You puncture the phantom!
You destroy the phantom!
You block the necrophage's attack.
You have reached level 6!
Your skin feels tougher.
You barely miss the necrophage. The necrophage barely misses you.
You hit the necrophage.
The necrophage is moderately damaged.
The necrophage hits you.
* * * LOW HITPOINT WARNING * * *
You barely miss the necrophage.
The necrophage is moderately damaged.
You block the necrophage's attack.
You hit the necrophage but do no damage.
The necrophage is moderately damaged.
The necrophage barely misses you.
You barely miss the necrophage.
The necrophage is moderately damaged.
The necrophage hits you.
* * * LOW HITPOINT WARNING * * *
You feel drained.
* * * LOW HITPOINT WARNING * * *
You barely miss the necrophage.
The necrophage is moderately damaged.
You block the necrophage's attack.
You closely miss the necrophage.
The necrophage is moderately damaged.
The necrophage hits you.
You die...

# ##....##.... #
#. #.........# .
.. #..≈≈.....##.
# #.
#..≈≈.._..... #.
#............ #.
#........≈≈..
#.###$o.♣♣..≈§.§
#..##...♣♣......
#@nl..........#
###o.##.....###
##...##$###
###....# #####


You could see a necrophage, an iguana and an orc.

Vanquished Creatures
  A phantom (D:4)
  A necrophage (D:3)
  7 adders
  A worm (D:2)
  A dart slug (D:1)
  2 orcs (D:3)
  7 endoplasms
  3 giant cockroaches
  5 goblins
  7 hobgoblins
  2 kobolds
  2 ball pythons (D:1)
  A bat (D:2)
  6 frilled lizards
  10 rats
56 creatures vanquished.

Notes
Turn   | Place    | Note
-------+----------+-------------------------------------------
     0 | D:1      | KarmaKiller the Naga Hunter began the quest for the Orb.
     0 | D:1      | Reached XP level 1. HP: 19/19 MP: 1/1
   232 | D:1      | Reached skill level 4 in Ranged Weapons
   232 | D:1      | Reached XP level 2. HP: 26/26 MP: 2/2
  1157 | D:2      | Reached XP level 3. HP: 11/32 MP: 3/3
  1458 | D:2      | Reached XP level 4. HP: 36/40 MP: 4/4
  1601 | D:2      | Identified the +4 mace of Noewn {speed, Fragile Str+5
                  | Dex+4}
  1787 | D:3      | Found an iron altar of Okawaru.
  1867 | D:3      | Found a shadowy altar of Dithmenos.
  1867 | D:3      | Noticed a shadow
  1872 | D:3      | Found a hazy altar of Hepliaklqana.
  1942 | D:3      | Identified the +9 short sword of a Hundred Quests {drain,
                  | rC- Will+ Str+5 Dex+3}
  2026 | D:3      | Noticed a necrophage
  2030 | D:3      | Killed a necrophage
  2031 | D:3      | Reached skill level 5 in Ranged Weapons
  2031 | D:3      | Reached XP level 5. HP: 45/49 MP: 5/5
  2603 | D:3      | Upgraded the game from 0.30-a0-341-g682706514a to
                  | 0.30-a0-354-g6b83867211
  2604 | D:3      | Found a stormy altar of Qazlal.
  2848 | D:4      | Noticed a lemure
  2849 | D:4      | Noticed Pikel
  2849 | D:4      | Noticed a lemure
  2850 | D:4      | Noticed a lemure
  2855 | D:4      | Noticed a lemure
  2870 | D:4      | Found an ornate altar of the Wu Jian Council.
  2870 | D:4      | Noticed a phantom
  2879 | D:4      | Reached skill level 1 in Armour
  2884 | D:4      | Killed a phantom
  2885 | D:4      | Reached XP level 6. HP: 9/56 MP: 6/6
  2889 | D:4      | HP: 2/54 [necrophage (1)]
  2891 | D:4      | Slain by a necrophage

Illustrated notes

Levels and vault maps discovered:
D:1:      minmay_arrival_checkered_box, layout_basic, minmay_misc_feat_x,
          minmay_tetromino_s2
D:2:      layout_rooms
D:3:      kennysheep_six_static_rooms, layout_loops_ring,
          riverfiend_overflow_shadow_ancestor, mainiacjoe_overflow_chevrons,
          nicolae_qazlal_eye_of_the_storm
D:4:      layout_basic, nicolae_wu_jian_wuxing_cycle, lemuel_doored_altar,
          uniq_ijyb, uniq_pikel

Skill      XL: |  1  2  3  4  5 |
---------------+----------------+-----
Ranged Weapons | 4 5 |  5.5
Fighting       | 3 |  3.3
Armour         | 1 |  1.6
Short Blades   | |  0.4
Dodging        | |  1.6
Stealth        | |  1.6
Shields        | |  0.1

Action                   |  1- 3 |  4- 6 || total
-------------------------+-------+-------++-------
Melee: Short sword       |       |    28 ||    28
 Fire: Shortbow          |   112 |    71 ||   183
 Abil: Spit Poison       |     4 |     1 ||     5
  Use: Scroll            |       |     3 ||     3
Armor: Plate armour      |    45 |    11 ||    56
       Leather armour    |     2 |       ||     2
       Ring mail         |    19 |     4 ||    23
       Chain mail        |       |    50 ||    50
Dodge: Dodged            |    30 |    22 ||    52
Block: Kite shield       |       |    14 ||    14

Table legend: (Time is in decaauts)
 A = Elapsed time spent in this place.
 B = Non-inter-level travel time spent in this place.
 C = Inter-level travel time spent in this place.
 D = Time resting spent in this place.
 E = Time spent auto-exploring this place.
 F = Levels seen in this place.
 G = Mean time per level.
                   A        B        C        D        E       F      G
               +--------+--------+--------+--------+--------+-----+--------+
         Total |   3873 |   3873 |      0 |    372 |      0 |   4 |  968.2 |
       Dungeon |   3873 |   3873 |      0 |    372 |      0 |   4 |  968.2 |
               +--------+--------+--------+--------+--------+-----+--------+

Top non-repeatable levels by time:
     D:1: 1551 daAuts
     D:3: 1532 daAuts
     D:2: 723 daAuts
     D:4: 65 daAuts
